 Dungeon Crawl Stone Soup version 0.29-a0-284-gf9362112df (webtiles) character file.

Game seed: 17353942531259804148

63 siradein the Grave Robber (level 3, -1/26 HPs)
             Began as a Demonspawn Necromancer on Mar 25, 2022.
             Slain by a kobold
             ... wielding a +0 club
              (3 damage)
             ... on level 2 of the Dungeon.
             The game lasted 00:02:36 (1722 turns).

siradein the Grave Robber (Demonspawn Necromancer)  Turns: 1722, Time: 00:02:37

Health: -1/26      AC:  3    Str:  8    XL:     3   Next: 89%
Magic:  1/6        EV: 12    Int: 18    God:
Gold:   16         SH:  0    Dex: 13    Spells: 2/6 levels left

rFire   . . .      SeeInvis .   g - +0 whip
rCold   . . .      Faith    .   (no shield)
rNeg    . . .      Spirit   .   a - +0 robe
rPois   .          Reflect  .   (no helmet)
rElec   .          Harm     .   (no cloak)
rCorr   .          Rampage  .   (no gloves)
Will    .....                   (no boots)
Stlth   ++........              (no amulet)
HPRegen 0.08/turn               (no ring)
MPRegen 0.10/turn               (no ring)

@: slowed, very slow
A: sharp scales 1
a: no special abilities


You were on level 2 of the Dungeon.
You visited 1 branch of the dungeon, and saw 2 of its levels.

You collected 16 gold pieces.

Inventory:

Hand Weapons
 g - a +0 whip (weapon)
Armour
 a - a +0 robe (worn)
Scrolls
 d - a scroll of enchant weapon {unknown}
 e - a scroll of teleportation {unknown}
 f - 4 scrolls of identify {unknown}
 k - a scroll of noise {unknown}
Potions
 b - a potion of magic
 c - a potion of haste {unknown}
 h - 2 potions of cancellation {unknown}
 i - a potion of brilliance {unknown}
 j - a potion of lignification {unknown}


   Skills:
 + Level 1.2 Fighting
 + Level 0.8 Maces & Flails
 + Level 2.3 Dodging
 - Level 1.7 Stealth
 + Level 2.4 Spellcasting
 * Level 5.0 Necromancy


You had 2 spell levels left.
You knew the following spells:

 Your Spells              Type           Power      Damage    Failure   Level
a - Pain                  Necr           80%        1d8       2%          1
b - Vampiric Draining     Necr           20%        2d7       6%          3

Your spell library contained the following spells:

 Spells                   Type           Power      Damage    Failure   Level
 Animate Skeleton         Necr           40%        N/A       2%          1
 Animate Dead             Necr           10%        N/A       22%         4
 Agony                    Necr           20%        N/A       52%         5


Dungeon Overview and Level Annotations

Branches:
Dungeon (2/15)

Altars:


Innate Abilities, Weirdness & Mutations

You are partially covered in razor-sharp scales. (AC +1, Slay +1)


Message History

You resist with significant effort.
You miscast Pain.
You are very lightly contaminated with residual magic.
Nothing appears to happen.
Natasha barely resists.
Natasha casts a spell at you.
You feel yourself slow down.
Natasha barely resists.
A kobold comes into view. It is wielding a +0 club.
Natasha writhes in agony.
Natasha claws you but does no damage. The kobold barely misses you.
Natasha casts a spell.
The kobold barely misses you.
You are too depleted to draw on your mana recklessly!
You are too depleted to draw on your mana recklessly!
You are too depleted to draw on your mana recklessly!
You are too depleted to draw on your mana recklessly!
You barely miss Natasha.
Natasha is almost dead.
Natasha claws you. The kobold hits you with a +0 club.
You barely miss Natasha.
Natasha is almost dead.
Natasha casts a spell at you. The magic dart hits you!
The kobold hits you with a +0 club.
A goblin comes into view. It is wielding a +0 club.
The shadow imp completely misses you. Natasha claws you but does no damage.
The kobold hits you with a +0 club.
* * * LOW HITPOINT WARNING * * *
The shadow imp hits you.
* * * LOW HITPOINT WARNING * * *
Your magical contamination has completely faded away.
You hit Natasha.
You kill Natasha!
Natasha screams in fury as she dies!
The shadow imp disappears in a puff of smoke!
The kobold hits you but does no damage.
Your Necromancy skill increases to level 5!
A kobold comes into view. It is wielding a +0 short sword.
The kobold hits you with a +0 club.
You die...

...........#
.......#....##.#
......#.....#.#
.......#.#.#.###
.............>#
#####g..#.....#####
.......#.......###
.........#..#....#
......K@ยง#....<#.#
......#..#.....#.#
..K.. #..#.###.#.#
.... #...<# #.#.#
... #..#.###...###
## ##.#.........#
#.#.#######.# #.#.#
#.# #.#.### #.####


You could see a goblin and 2 kobolds.

Vanquished Creatures
  Natasha (D:2)
  An adder (D:2)
  3 endoplasms (D:1)
  5 goblins (D:1)
  2 hobgoblins (D:1)
  3 kobolds
  2 quokkas (D:1)
  5 ball pythons (D:1)
  3 bats (D:1)
  3 frilled lizards (D:1)
  3 rats (D:1)
31 creatures vanquished.

Notes
Turn   | Place    | Note
-------+----------+-------------------------------------------
     0 | D:1      | siradein the Demonspawn Necromancer began the quest for the
                  | Orb.
     0 | D:1      | Reached XP level 1. HP: 13/13 MP: 3/3
   452 | D:1      | Gained mutation: You are partially covered in razor-sharp
                  | scales. (AC +1, Slay +1) [demonic ancestry]
   452 | D:1      | Reached XP level 2. HP: 18/20 MP: 1/5
  1235 | D:1      | Reached XP level 3. HP: 24/25 MP: 4/6
  1239 | D:1      | Learned a level 3 spell: Vampiric Draining
  1388 | D:1      | Found a faded altar of an unknown god.
  1440 | D:2      | Reached skill level 1 in Fighting
  1710 | D:2      | Noticed Natasha
  1720 | D:2      | HP: 1/26 [shadow imp[Natasha] (4)]
  1721 | D:2      | Killed Natasha
  1722 | D:2      | Reached skill level 5 in Necromancy
  1722 | D:2      | Slain by a kobold

Illustrated notes

Levels and vault maps discovered:
D:1:      mrwooster_arrival_arrow, layout_basic,
          hellmonk_ecumenical_altar_leap_of_faith
D:2:      layout_basic, uniq_sigmund, uniq_natasha

Skill      XL: |  1  2  3 |
---------------+----------+-----
Dodging        | 2 |  2.3
Fighting       | 1 |  1.2
Necromancy     | 5 |  5.0
Maces & Flails | |  0.8
Stealth        | |  1.7
Spellcasting   | |  2.4

Action                   || total
-------------------------++-------
Melee: Unarmed           ||    12
       Whip              ||     5
 Cast: Pain              ||    46
Armor: Robe              ||     5
Dodge: Dodged            ||    15

Table legend: (Time is in decaauts)
 A = Elapsed time spent in this place.
 B = Non-inter-level travel time spent in this place.
 C = Inter-level travel time spent in this place.
 D = Time resting spent in this place.
 E = Time spent auto-exploring this place.
 F = Levels seen in this place.
 G = Mean time per level.
                   A        B        C        D        E       F      G
               +--------+--------+--------+--------+--------+-----+--------+
         Total |   1723 |   1678 |     45 |      0 |   1496 |   2 |  861.5 |
       Dungeon |   1723 |   1678 |     45 |      0 |   1496 |   2 |  861.5 |
               +--------+--------+--------+--------+--------+-----+--------+

Top non-repeatable levels by time:
     D:1: 1433 daAuts
     D:2: 290 daAuts
